 Dungeon Crawl Stone Soup version 0.29-a0-414-g5075937ec3 (webtiles) character file.

Game seed: 11219196739704397705

83865 happo123 the Wrestler (level 15, -3/140 HPs)
             Began as a Troll Berserker on May 15, 2022.
             Was a High Priest of Trog.
             Slain by a ten-headed hydra (8 damage)
             ... on level 1 of the Swamp on May 16, 2022.
             The game lasted 02:07:50 (15325 turns).

happo123 the Wrestler (Troll Berserker)            Turns: 15325, Time: 02:07:52

Health: -3/140     AC: 13    Str: 41    XL:     15   Next: 33%
Magic:  14/14      EV: 13    Int:  3    God:    Trog [*****.]
Gold:   1154       SH:  5    Dex: 11    Spells: 14/14 levels left

rFire   . . .      SeeInvis +     - Unarmed
rCold   . . .      Faith    .   (no shield)
rNeg    . . .      Spirit   .   E - +0 acid dragon scales
rPois   +          Reflect  +   N - +1 hat
rElec   .          Harm     .   V - +2 cloak {Stlth+}
rCorr   +          Rampage  .   (gloves unavailable)
Will    +....                   (boots unavailable)
Stlth   +++.......              O - amulet of reflection
HPRegen 1.13/turn               X - ring "Waarey" {Str+6 SInv}
MPRegen 0.14/turn               d - ring of poison resistance

@: on berserk cooldown, slowed, unable to read, very slow
A: large, unfitting armour, claws 3, regeneration 1, shaggy fur 1, tough skin 1,
antennae 1, agile 1, sense surroundings 1, inability to read while threatened,
MP-powered wands
a: Renounce Religion, Berserk, Trog's Hand, Brothers in Arms


You were on level 1 of the Swamp.
You worshipped Trog.
Trog was extremely pleased with you.
You visited 4 branches of the dungeon, and saw 22 of its levels.
You also visited: Sewer, Gauntlet and Ice Cave.

You collected 1779 gold pieces.
You spent 625 gold pieces at shops.

Inventory:

Hand Weapons
 Q - a +2 vorpal broad axe
Armour
 E - +0 acid dragon scales (worn)
 N - a +1 hat (worn)
 U - a +4 troll leather armour
 V - a +2 cloak of stealth (worn)
 W - a +2 cloak of cold resistance
Jewellery
 d - a ring of poison resistance (right claw)
 v - a ring of willpower
 C - a +4 ring of evasion
 K - a ring of protection from cold
 O - an amulet of reflection (around neck)
 X - the ring "Waarey" (left claw) {Str+6 SInv}
   (You took it off a minotaur in a Gauntlet)

   [ring of strength]

   Str:       It affects your strength (+6).
   SInv:      It lets you see invisible.
Wands
 a - a wand of iceblast (61)
 x - a wand of paralysis (4)
 G - a wand of acid (19)
 P - a wand of digging (4)
 R - a wand of polymorph (6)
 T - a wand of flame (7)
 Y - a wand of mindburst (5)
Scrolls
 c - 6 scrolls of teleportation
 h - 5 scrolls of vulnerability
 i - a scroll of fog {unknown}
 j - 4 scrolls of poison
 p - 5 scrolls of enchant weapon
 q - a scroll of immolation {unknown}
 w - a scroll of summoning {unknown}
 y - 2 scrolls of magic mapping {unknown}
 A - a scroll of brand weapon {unknown}
 B - a scroll of fear {unknown}
 F - 2 scrolls of acquirement {unknown}
 H - a scroll of torment {unknown}
 I - 3 scrolls of silence
 Z - a scroll of blinking {unknown}
Potions
 b - 2 potions of berserk rage {unknown}
 e - a potion of cancellation {unknown}
 f - a potion of magic {unknown}
 g - 4 potions of flight
 k - 4 potions of curing
 l - 5 potions of invisibility
 n - a potion of experience {unknown}
 o - 2 potions of haste {unknown}
 r - 8 potions of mutation
 s - 4 potions of might
 t - 2 potions of attraction {unknown}
 u - 3 potions of brilliance {unknown}
 z - 2 potions of heal wounds
 J - a potion of lignification {unknown}
 L - 3 potions of ambrosia
 S - 2 potions of resistance {unknown}
Miscellaneous
 m - a condenser vane
 D - a tin of tremorstones (2/2)
 M - a lightning rod (4/4)


   Skills:
 + Level 7.5 Fighting
 + Level 5.1 Armour
 + Level 10.6 Dodging
 + Level 3.5 Stealth
 + Level 4.9 Shields
 + Level 21.1 Unarmed Combat


You had 14 spell levels left.
You didn't know any spells.
Your spell library was empty.

Dungeon Overview and Level Annotations

Branches:
Dungeon (13/15)            Temple (0/1) D:5            Lair (6/6) D:10
  Swamp (1/4) Lair:4       Spider (0/4) Lair:2        Slime (2/5) Lair:5
    Orc (0/2) D:11          Sewer (visited)           IceCv (visited)
Gauntlet (visited)
 Vaults: D:13-14

Altars:
Ashenzari
Cheibriados
Dithmenos
Elyvilon
Kikubaaqudgha
Makhleb
Nemelex Xobeh
Okawaru
Qazlal
Ru
Uskayaw
Yredelemnul
Zin

Shops:
D:6 [*(   D:10 =


Innate Abilities, Weirdness & Mutations

You are too large for most types of armour.
You have claws for hands.
Your natural rate of healing is unusually fast.
You are covered in fur. (AC +1)
You have tough skin. (AC +1)
You have a pair of small antennae on your head.
You are agile. (Dex +2)
You passively map a small area around you.
You sometimes lose the ability to read scrolls when taking damage.
You expend magic power (3 MP) to strengthen your wands.


Message History

You block the nine-headed hydra's attack.
The nine-headed hydra barely misses you.
The nine-headed hydra completely misses you.
The nine-headed hydra bites you!
* * * LOW HITPOINT WARNING * * *
The nine-headed hydra bites you but does no damage. x2
You tear one of the nine-headed hydra's heads off!
The eight-headed hydra grows two more!
You claw the ten-headed hydra! x2
The ten-headed hydra is almost dead.
The ten-headed hydra barely misses you. x2
The ten-headed hydra bites you but does no damage.
The ten-headed hydra bites you!
* * * LOW HITPOINT WARNING * * *
The ten-headed hydra bites you.
* * * LOW HITPOINT WARNING * * *
The ten-headed hydra bites you but does no damage.
The ten-headed hydra bites you.
* * * LOW HITPOINT WARNING * * *
The ten-headed hydra completely misses you. x2
The ten-headed hydra misses you.
You feel much better.
You block the ten-headed hydra's attack.
The ten-headed hydra bites you.
* * * LOW HITPOINT WARNING * * *
The ten-headed hydra completely misses you.
The ten-headed hydra barely misses you. The ten-headed hydra bites you.
* * * LOW HITPOINT WARNING * * *
The ten-headed hydra bites you.
* * * LOW HITPOINT WARNING * * *
The ten-headed hydra bites you but does no damage.
The ten-headed hydra bites you.
* * * LOW HITPOINT WARNING * * *
The ten-headed hydra bites you!
* * * LOW HITPOINT WARNING * * *
The ten-headed hydra completely misses you.
The ten-headed hydra bites you.
* * * LOW HITPOINT WARNING * * *
The ten-headed hydra completely misses you.
The ten-headed hydra bites you!
You die...

, ♣≈§..≈§.. *♣.)....
♣≈≈≈≈.≈.♣♣♣♣♣♣. ♣.≈....
.♣♣.≈≈§.≈..§≈..≈≈♣♣....♣♣
..♣≈≈..≈..≈≈.≈>≈.♣≈...♣♣♣
.♣..≈♣.≈≈...≈.≈≈≈.♣.......
≈≈≈≈≈≈♣..≈.≈...≈≈ ♣≈......
*.≈≈≈≈≈≈≈.†.≈..♣ ♣≈......
..♣≈§..≈≈D≈≈≈♣* ≈≈♣♣≈.....
* ♣.≈≈.≈§.≈@..♣♣
.≈≈♣♣..♣♣♣. ♣.≈..≈≈†.≈≈♣.♣
♣.≈♣♣♣♣ ♣♣ .≈≈.≈≈≈≈....♣♣
♣..♣♣♣♣♣♣♣. ..≈.≈≈♣≈.≈♣.♣
♣..♣.♣♣.... ≈
≈..♣.≈≈≈≈≈≈≈≈♣
♣♣..≈≈≈♣.... ,
♣≈≈♣≈.≈...♣♣♣≈≈.≈.≈≈....
♣≈ ♣♣..♣.♣.♣♣.≈≈≈.§.....
♣≈≈, ♣♣.♣..♣♣.......≈.≈..
, ♣* ♣.♣♣.♣≈..♣♣.....≈..


You could see a ten-headed hydra.

Vanquished Creatures
  Gastronok (D:10)
  A reaper (IceCv)
  Nessos (Lair:6)
  The ghost of pokeman the Sorcerer, a journeyman DEWz of Vehumet (Lair:6)
  2 eleionomae (Swamp:1)
  A minotaur (Gauntlet)
  Josephine (Lair:4)
  A ghost crab (Gauntlet)
  11 hydras
  A boulder beetle (Lair:2)
  An ice dragon (Lair:4)
  A two-headed ogre (D:10)
  5 death yaks (Lair:6)
  An alligator (Swamp:1)
  3 skeletal warriors (D:12)
  2 goliath frogs (Swamp:1)
  A swamp dragon (Swamp:1)
  A bog body (Swamp:1)
  A lindwurm (Lair:6)
  The ghost of Heh the Skirmisher, a novice OpFi (D:5)
  2 ugly things
  6 black mambas
  23 elephants
  2 ice statues (IceCv)
  An eye of devastation (Slime:1)
  A gargoyle (D:10)
  5 rime drakes
  17 cane toads
  11 komodo dragons
  Psyche (D:11)
  5 ice devils (IceCv)
  2 anaconda simulacra (IceCv)
  An entropy weaver simulacrum (IceCv)
  The ghost of SirDiesAlot the Prestidigitator, a novice DEFE (D:5)
  5 trolls
  The ghost of jimonade the Ruffian, a novice VSTm (D:5)
  3 tyrant leeches (Swamp:1)
  6 polar bears
  5 hornets
  20 blink frogs
  24 dream sheep
  4 flying skulls (Gauntlet)
  A shadow (D:9)
  2 centaur simulacra (Gauntlet)
  12 spriggans (Lair:6)
  6 wraiths
  47 yaks
  4 wyverns
  3 basilisks
  3 vampire mosquitoes (Swamp:1)
  2 death yak simulacra (IceCv)
  2 steam dragons (D:6)
  Menkaure (D:6)
  2 wargs (D:11)
  2 acid dragons
  11 water moccasins
  4 swamp worms
  4 orc warriors
  2 ice beasts
  A sky beast (D:8)
  9 black bears
  24 wolves
  3 boggarts (Lair:6)
  8 centaurs
  2 kobold brigands
  3 gnoll sergeants
  3 necrophages
  14 bullfrogs
  8 scorpions
  2 cane toad simulacra
  2 two-headed ogre simulacra (IceCv)
  10 wights
  An elephant simulacrum (IceCv)
  9 killer bees
  An electric eel (D:7)
  6 howler monkeys
  3 hounds
  3 jellies
  2 gnoll shamans
  5 orc priests
  6 iguanas
  2 hell rats (Lair:1)
  10 orc wizards
  2 troll simulacra (IceCv)
  A polar bear simulacrum (IceCv)
  A spriggan simulacrum (IceCv)
  A wolf simulacrum (IceCv)
  18 gnolls
  5 naga simulacra (IceCv)
  7 adders
  6 river rats (Lair:1)
  3 white imps
  An ufetubus (D:5)
  4 worms
  6 dart slugs
  25 orcs
  5 ball pythons
  9 endoplasms
  11 giant cockroaches
  8 goblins
  7 hobgoblins
  10 jackals
  6 quokkas
  3 bats
  2 frilled lizards
  17 kobolds
  12 rats
599 creatures vanquished.

Vanquished Creatures (collateral kills)
  An azure jelly (Slime:1)
  The ghost of Devyomi the Protected, a journeyman GrBe of Trog (Lair:5)
  A hydra (Lair:5)
3 creatures vanquished.

Vanquished Creatures (others)
  An elephant (Lair:6)
  A bloated husk (Swamp:1)
  A boggart (Lair:6)
  An orc wizard (D:7)
  A bush (Lair:6)
  57 fungi
  76 plants
  4 withered plants (D:5)
142 creatures vanquished.

Grand Total: 744 creatures vanquished

Notes
Turn   | Place    | Note
-------+----------+-------------------------------------------
     0 | D:1      | happo123 the Troll Berserker began the quest for the Orb.
     0 | D:1      | Reached XP level 1. HP: 22/22 MP: 0/0
   177 | D:1      | Reached XP level 2. HP: 29/29 MP: 1/1
   616 | D:1      | Reached XP level 3. HP: 36/36 MP: 2/2
   854 | D:2      | Found a sparkling altar of Nemelex Xobeh.
   930 | D:2      | Reached ** piety under Trog
   964 | D:2      | Reached XP level 4. HP: 45/45 MP: 3/3
  1078 | D:2      | Reached skill level 4 in Unarmed Combat
  1311 | D:3      | Found a glowing drain.
  1325 | Sewer    | Entered a sewer
  1382 | Sewer    | Noticed a water moccasin
  1390 | Sewer    | Killed a water moccasin
  1391 | Sewer    | Reached XP level 5. HP: 53/53 MP: 4/4
  1476 | D:3      | Reached skill level 5 in Unarmed Combat
  1652 | D:3      | Found a faded altar of an unknown god.
  1715 | D:3      | Found a broken altar of Ashenzari.
  1811 | D:3      | Reached XP level 6. HP: 56/61 MP: 5/5
  2177 | D:4      | Reached *** piety under Trog
  2745 | D:5      | Entered Level 5 of the Dungeon
  2806 | D:5      | Reached skill level 6 in Unarmed Combat
  2806 | D:5      | Reached XP level 7. HP: 40/67 MP: 6/6
  2874 | D:5      | Reached skill level 7 in Unarmed Combat
  3008 | D:5      | Found a staircase to the Ecumenical Temple.
  3039 | D:5      | Reached XP level 8. HP: 74/76 MP: 7/7
  3051 | D:5      | Found a runed translucent gate.
  3051 | D:5      | Found a runed translucent gate.
  3051 | D:5      | Found a runed translucent gate.
  3051 | D:5      | Noticed Heh's ghost (novice OpFi)
  3052 | D:5      | Noticed jimonade's ghost (novice VSTm)
  3052 | D:5      | Noticed SirDiesAlot's ghost (novice DEFE)
  3074 | D:5      | Reached skill level 8 in Unarmed Combat
  3309 | D:5      | Killed jimonade's ghost
  3315 | D:5      | Killed Heh's ghost
  3316 | D:5      | Reached skill level 5 in Dodging
  3316 | D:5      | Reached skill level 1 in Stealth
  3316 | D:5      | Reached skill level 9 in Unarmed Combat
  3322 | D:5      | Killed SirDiesAlot's ghost
  3323 | D:5      | Reached XP level 9. HP: 82/84 MP: 8/8
  3395 | D:6      | Found Opiuj's Assorted Antiques.
  3432 | D:6      | Bought an opal ring for 145 gold pieces
  3467 | D:6      | Reached **** piety under Trog
  3552 | D:6      | Reached skill level 10 in Unarmed Combat
  3576 | D:6      | Found Xedeutaub's Antique Weapon Emporium.
  3622 | D:6      | Found an iron altar of Okawaru.
  3732 | D:6      | Found Zagasom's Armour Emporium.
  3738 | D:6      | Noticed Menkaure
  3739 | D:6      | Found Obocs's Armour Emporium.
  3745 | D:6      | Killed Menkaure
  4041 | D:6      | Found a snail-covered altar of Cheibriados.
  4041 | D:6      | Found a glowing silver altar of Zin.
  4225 | D:7      | Reached skill level 11 in Unarmed Combat
  4646 | D:7      | Reached XP level 10. HP: 78/94 MP: 9/9
  4674 | D:7      | Identified the +5 dagger of Fepyor {protect, rElec Will-
                  | Int+3 SInv}
  5256 | D:8      | Paralysed by a hornet for 1 turns
  5260 | D:8      | Reached skill level 12 in Unarmed Combat
  5439 | D:8      | Found a white marble altar of Elyvilon.
  5439 | D:8      | Found a stormy altar of Qazlal.
  5452 | D:8      | Found a basalt altar of Yredelemnul.
  5454 | D:8      | Found a burning altar of Makhleb.
  5456 | D:8      | Found a shadowy altar of Dithmenos.
  6036 | D:9      | Found an ancient bone altar of Kikubaaqudgha.
  6157 | D:9      | Identified the +2 robe of Recklessness {rN++ Stlth+}
  6196 | D:9      | Reached ***** piety under Trog
  6205 | D:9      | Reached skill level 5 in Fighting
  6215 | D:9      | Reached skill level 13 in Unarmed Combat
  6486 | D:9      | Found a hide-covered altar of Uskayaw.
  6740 | D:10     | Entered Level 10 of the Dungeon
  6777 | D:10     | Found a staircase to the Lair.
  6792 | D:10     | Reached XP level 11. HP: 104/104 MP: 10/10
  6841 | D:10     | Found a sacrificial altar of Ru.
  6908 | D:10     | Found Weoliuwn's Jewellery Shoppe.
  6940 | D:10     | Noticed Gastronok
  6949 | D:10     | Killed Gastronok
  7048 | D:10     | Bought an amulet of reflection for 480 gold pieces
  7315 | D:10     | Noticed a two-headed ogre
  7321 | D:10     | Killed a two-headed ogre
  7322 | D:10     | Reached skill level 14 in Unarmed Combat
  7336 | D:10     | You fall into a shaft and drop 3 floors!
  7359 | D:12     | Noticed a white ugly thing
  7363 | D:12     | Noticed a skeletal warrior
  7366 | D:12     | Noticed a skeletal warrior
  7371 | D:13     | Killed a white ugly thing
  7427 | D:12     | Killed a skeletal warrior
  7436 | D:12     | Killed a skeletal warrior
  7437 | D:12     | HP: 5/156 [troll (4)]
  7439 | D:12     | Noticed a skeletal warrior
  7478 | D:12     | Killed a skeletal warrior
  7575 | D:12     | Noticed a cyan ugly thing
  7584 | D:12     | Killed a cyan ugly thing
  7585 | D:12     | Reached skill level 1 in Shields
  7650 | D:12     | Found a gate leading to a gauntlet.
  7662 | Gauntlet | Entered a Gauntlet
  7662 | Gauntlet | Found a transporter.
  7662 | Gauntlet | Found a transporter.
  7673 | Gauntlet | Found a runed translucent door.
  7676 | Gauntlet | Found a transporter.
  7677 | Gauntlet | Found a transporter.
  7678 | Gauntlet | Found a transporter.
  7678 | Gauntlet | Found a transporter.
  7680 | Gauntlet | Noticed a necromancer
  7709 | Gauntlet | Found a transporter.
  7713 | Gauntlet | Found a transporter.
  7722 | Gauntlet | Noticed a ghost crab
  7729 | Gauntlet | Found a transporter.
  7735 | Gauntlet | Found a runed translucent door.
  7736 | Gauntlet | Found a transporter.
  7737 | Gauntlet | Found a runed translucent door.
  7750 | Gauntlet | Found a transporter.
  7754 | Gauntlet | Found a transporter.
  7812 | Gauntlet | Reached skill level 15 in Unarmed Combat
  7928 | Gauntlet | Identified the -4 cloak "Etoaxtirch" {*Corrode rC++ Slay+5
                  | Stlth+}
  7935 | Gauntlet | Killed a ghost crab
  7978 | Gauntlet | Identified the ring "Waarey" {Str+6 SInv}
  7978 | Gauntlet | Noticed a minotaur
  7990 | Gauntlet | Killed a minotaur
  7991 | Gauntlet | Reached skill level 1 in Armour
  8037 | Gauntlet | Gained mutation: You have hidden genetic potential. [potion
                  | of mutation]
  8037 | Gauntlet | Gained mutation: You expend magic power (3 MP) to
                  | strengthen your wands. [potion of mutation]
  8037 | Gauntlet | Gained mutation: You sometimes lose the ability to read
                  | scrolls when taking damage. [potion of mutation]
  8037 | Gauntlet | Gained mutation: You passively map a small area around you.
                  | [potion of mutation]
  8054 | D:11     | Reached XP level 12. HP: 113/114 MP: 11/11
  8146 | D:11     | Found a staircase to the Orcish Mines.
  8148 | D:11     | Noticed Psyche
  8201 | D:11     | Killed Psyche
  8567 | Lair:1   | Entered Level 1 of the Lair of Beasts
  8829 | Lair:1   | Reached skill level 16 in Unarmed Combat
  9342 | Lair:2   | Found a hole to the Spider Nest.
  9354 | Lair:2   | Noticed a boulder beetle
  9380 | Lair:2   | Killed a boulder beetle
  9388 | Lair:2   | Received a gift from Trog
  9808 | Lair:2   | Noticed a four-headed hydra
  9827 | Lair:2   | Killed an eight-headed hydra
  9828 | Lair:2   | Reached skill level 17 in Unarmed Combat
 10059 | Lair:2   | Reached XP level 13. HP: 119/122 MP: 12/12
 11124 | Lair:4   | Noticed Josephine
 11134 | Lair:4   | Killed Josephine
 11201 | Lair:4   | Found a frozen archway.
 11242 | Lair:4   | Gained mutation: You have a pair of small antennae on your
                  | head. [hidden potential]
 11247 | IceCv    | Entered an ice cave
 11266 | IceCv    | Received a gift from Trog
 11273 | IceCv    | Reached skill level 18 in Unarmed Combat
 11418 | IceCv    | Noticed a reaper
 11425 | IceCv    | Killed a reaper
 11454 | IceCv    | Identified the +9 dagger of the Neverending Curses {vorpal,
                  | Will+ Int+2 Dex+2}
 11681 | Lair:4   | Found a staircase to the Swamp.
 12265 | Lair:5   | Reached XP level 14. HP: 131/131 MP: 13/13
 12378 | Lair:5   | Reached skill level 19 in Unarmed Combat
 12573 | Lair:5   | Found a staircase to the Slime Pits.
 12802 | Lair:5   | Found a runed translucent gate.
 12802 | Lair:5   | Found a runed translucent gate.
 12802 | Lair:5   | Found a runed translucent gate.
 12808 | Lair:5   | Noticed Devyomi's ghost (journeyman GrBe)
 12991 | Lair:5   | Killed Devyomi's ghost
 13056 | Lair:6   | Entered Level 6 of the Lair of Beasts
 13060 | Lair:6   | Received a gift from Trog
 13231 | Lair:6   | Reached skill level 10 in Dodging
 13237 | Lair:6   | Gained mutation: You are agile. (Dex +2) [hidden potential]
 13237 | Lair:6   | Lost mutation: You have hidden genetic potential. [hidden
                  | potential expressed]
 13420 | Lair:6   | Reached skill level 20 in Unarmed Combat
 13428 | Lair:6   | Noticed Nessos
 13476 | Lair:6   | Killed Nessos
 13917 | Lair:6   | Reached ****** piety under Trog
 13922 | Lair:6   | Reached XP level 15. HP: 109/140 MP: 14/14
 14190 | Lair:6   | Reached skill level 5 in Armour
 14248 | Lair:6   | Found a runed translucent door.
 14250 | Lair:6   | Noticed pokeman's ghost (journeyman DEWz)
 14290 | Lair:6   | Killed pokeman's ghost
 14702 | Slime:1  | Entered Level 1 of the Pits of Slime
 14758 | Slime:1  | Noticed an azure jelly
 14772 | Slime:1  | Killed an azure jelly
 14785 | Slime:1  | Received a gift from Trog
 14863 | Slime:2  | Noticed an azure jelly
 15032 | Swamp:1  | Entered Level 1 of the Swamp
 15281 | Swamp:1  | Reached skill level 21 in Unarmed Combat
 15325 | Swamp:1  | HP: 5/140 [ten-headed hydra (4)]
 15325 | Swamp:1  | Slain by a ten-headed hydra

Illustrated notes

Levels and vault maps discovered:
D:1:      ncdulo_smallfort, layout_loops_corners, grunt_decor_mini_mirrors
D:2:      layout_rooms, basic_altar
D:3:      layout_basic, mainiacjoe_overflow_chevrons,
          shapermc_ecumenical_altar_mp_vishouse, gup_sewer_entry_pipe,
          chequers_serial_rivers_small_b
D:4:      layout_loops_ring
D:5:      layout_rooms, minmay_temple_entry_junction, gammafunk_ghost_cemetery,
          minmay_misc_feat_ornament
D:6:      layout_loops_cross, mainiacjoe_overflow_boulevard,
          gammafunk_temple_overflow_wave, serial_shops, shop_coins, shop,
          shop_statue, nicolae_shop_advertising_works
          [nicolae_subvault_shop_adworks], minmay_fractal_squares_5,
          uniq_menkaure
D:7:      layout_cave_pools, serial_rivers, chequers_serial_rivers_micro_d,
          chequers_serial_rivers_large_b, chequers_serial_rivers_micro_e,
          chequers_serial_rivers_small_b, minivault_14
D:8:      layout_basic, chequers_temple_overflow_minitemple, serial_aquarium,
          aquarium_bridge_straight [aquarium_subvault_bridge,
          aquarium_subvault_wall, aquarium_subvault_bridge,
          aquarium_subvault_wall], aquarium_bridge_square
          [aquarium_subvault_bridge, aquarium_subvault_bridge,
          aquarium_subvault_wall, aquarium_subvault_bridge],
          aquarium_window_fake, aquarium_window_1, aquarium_window_1,
          aquarium_window_fake, aquarium_view_2b, aquarium_view_2d
D:9:      layout_gridville, kiku_gazebo_garden_becter,
          mainiacjoe_overflow_alcove_2
D:10:     layout_loops_ring, kennysheep_little_box, due_lair_maze_entry_diamond,
          nicolae_inconvenience_store, uniq_gastronok
D:11:     layout_irregular_city, erik_orc_3, uniq_sonja, uniq_psyche,
          uniq_erolcha
D:12:     layout_cross, gauntlet_entry_generic, serial_shops, shop
D:13:     layout_roguey
Lair:1:   layout_long_grid, serial_bayou_pond_a, chequers_serial_rivers_small_3,
          kennysheep_abandoned_house, lemuel_fruit_fields
Lair:2:   layout_layer_cave, nicolae_spider_entry_non_spiders
Lair:3:   layout_loops_ring, lemuel_fruit_fields
Lair:4:   layout_big_grid, palyth_hydra_swamp_entry,
          portal_ice_cave_entry_animals_and_master, uniq_josephine
Lair:5:   wad_woods_04, layout_cave_pods, slime_dummy,
          gammafunk_ghost_hydra_chop, dreamdust_gnoll_shepherd,
          grunt_megastairs_5
Lair:6:   minmay_lair_end_enchanted_forest, layout_loops_ring,
          hellmonk_ghost_happy_afterlife, infiniplex_staircase_pool, uniq_nessos
Swamp:1:  layout_falls_marsh, nicolae_swamp_trees_clearing
Slime:1:  layout_caves
Slime:2:  layout_caves

Skill      XL: |  1  2  3  4  5  6  7  8  9 10 11 12 13 14 15 |
---------------+----------------------------------------------+-----
Fighting       | 3 4 5 6 7 |  7.5
Dodging        | 3 4 5 6 7 8 9 10 | 10.6
Unarmed Combat | 4 5 6 7 9 11 13 15 17 18 20 21 | 21.1
Stealth        | 1 2 3 |  3.5
Shields        | 1 2 3 4 |  4.9
Armour         | 1 3 4 5 |  5.1

Action                   |  1- 3 |  4- 6 |  7- 9 | 10-12 | 13-15 || total
-------------------------+-------+-------+-------+-------+-------++-------
Melee: Unarmed           |    75 |   150 |   185 |   540 |   719 ||  1669
       Punch             |     2 |     3 |     6 |    36 |    82 ||   129
Invok: Berserk           |       |     1 |     4 |    10 |     5 ||    20
       Trog's Hand       |       |       |     1 |     3 |     3 ||     7
       Brothers in Arms  |       |       |       |       |     2 ||     2
Evoke: Wand              |       |       |       |       |     1 ||     1
  Use: Scroll            |       |       |       |     9 |    12 ||    21
       Potion            |       |       |       |     2 |     4 ||     6
 Stab: Sleeping          |       |       |       |     4 |     2 ||     6
       Invisible         |       |       |       |       |     2 ||     2
Armor: Animal skin       |    30 |    42 |    28 |       |       ||   100
       Steam dragon scal |       |       |    51 |    69 |       ||   120
       Troll leather arm |       |       |       |    58 |   209 ||   267
       Skin              |       |       |       |     1 |       ||     1
       Acid dragon scale |       |       |       |       |    23 ||    23
Dodge: Dodged            |    43 |    83 |   160 |   322 |   437 ||  1045
Block: Other             |       |       |       |    69 |   129 ||   198
       Reflection        |       |       |       |       |     5 ||     5

Table legend: (Time is in decaauts)
 A = Elapsed time spent in this place.
 B = Non-inter-level travel time spent in this place.
 C = Inter-level travel time spent in this place.
 D = Time resting spent in this place.
 E = Time spent auto-exploring this place.
 F = Levels seen in this place.
 G = Mean time per level.
                   A        B        C        D        E       F      G
               +--------+--------+--------+--------+--------+-----+--------+
         Total |  15158 |  10695 |   4463 |    370 |   6085 |  25 |  606.3 |
       Dungeon |   8081 |   6951 |   1130 |    170 |   5105 |  13 |  621.6 |
          Lair |   5776 |   2615 |   3161 |    104 |    917 |   6 |  962.7 |
         Swamp |    275 |    173 |    102 |      0 |      0 |   1 |  275.0 |
    Slime Pits |    167 |     98 |     69 |     47 |      0 |   2 |   83.5 |
         Sewer |    130 |    130 |      0 |      0 |     58 |   1 |  130.0 |
      Ice Cave |    326 |    326 |      0 |      0 |      4 |   1 |  326.0 |
      Gauntlet |    399 |    399 |      0 |     49 |      0 |   1 |  399.0 |
               +--------+--------+--------+--------+--------+-----+--------+

Top non-repeatable levels by time:
  Lair:5: 1277 daAuts
  Lair:6: 1170 daAuts
  Lair:2: 1011 daAuts
     D:8: 881 daAuts
    D:10: 879 daAuts
     D:7: 872 daAuts
     D:1: 846 daAuts
  Lair:4: 833 daAuts
     D:6: 828 daAuts
     D:9: 808 daAuts
  Lair:1: 745 daAuts
  Lair:3: 738 daAuts
     D:4: 700 daAuts
     D:3: 645 daAuts
     D:5: 627 daAuts
